 Dungeon Crawl Stone Soup version 0.29.1-1-gd02db6906a (webtiles) character file.

Game seed: 6220093445979461113

66 safid the Shooter (level 3, -2/31 HPs)
             Began as a Minotaur Hunter on Oct 19, 2022.
             Slain by Terence
             ... wielding a +0 mace
              (6 damage)
             ... on level 3 of the Dungeon.
             The game lasted 00:02:30 (1450 turns).

safid the Shooter (Minotaur Hunter)                 Turns: 1450, Time: 00:02:31

Health: -2/31      AC:  5    Str: 15    XL:     3   Next: 96%
Magic:  2/2        EV: 11    Int:  6    God:
Gold:   51         SH:  0    Dex: 15    Spells: 2/2 levels left

rFire   . . .      SeeInvis .   a - +0 shortbow
rCold   + . .      Faith    .   (shield currently unavailable)
rNeg    . . .      Spirit   .   d - +0 ring mail
rPois   .          Reflect  .   (helmet restricted)
rElec   .          Harm     .   (no cloak)
rCorr   .          Rampage  .   (no gloves)
Will    .....                   (no boots)
Stlth   +.........              (no amulet)
HPRegen 0.10/turn               e - ring of protection from cold
MPRegen 0.08/turn               (no ring)

@: no status effects
A: horns 2, retaliatory headbutt
a: no special abilities


You were on level 3 of the Dungeon.
You visited 1 branch of the dungeon, and saw 4 of its levels.

You collected 51 gold pieces.

Inventory:

Hand Weapons
 a - a +0 shortbow (weapon)
Armour
 d - a +0 ring mail (worn)
Jewellery
 e - a ring of protection from cold (left hand)
Scrolls
 b - a scroll of immolation
 f - 2 scrolls of teleportation {unknown}
 h - a scroll of magic mapping {unknown}
Potions
 c - a potion of ambrosia {unknown}
 g - a potion of cancellation {unknown}
 i - a potion of resistance {unknown}
 j - a potion of haste {unknown}
 k - a potion of magic {unknown}
 l - a potion of heal wounds {unknown}


   Skills:
 - Level 3.0 Fighting
 + Level 5.9 Ranged Weapons
 - Level 2.1 Dodging
 - Level 0.7 Stealth


You had 2 spell levels left.
You didn't know any spells.
Your spell library was empty.

Dungeon Overview and Level Annotations

Branches:
Dungeon (4/15)
 Temple: D:4-7

Altars:

Annotations:
D:3 Terence


Innate Abilities, Weirdness & Mutations

You have a pair of horns on your head.
You reflexively headbutt those who attack you in melee.


Message History

Aim: a goblin, wielding a +0 club (55% to hit)
You shoot an arrow. The arrow hits the goblin.
You kill the goblin!
Unknown command.
Fire: a) +0 shortbow
Press: ? - help, Q - select action Shift-Dir - straight line, f - Terence
Aim: Terence, wielding a +0 mace and wearing a +0 scale mail (heavily wounded, 65% to hit)
You shoot an arrow.
The arrow hits Terence but does no damage.
Terence is heavily wounded.
Terence hits you with a +0 mace.
* * * LOW HITPOINT WARNING * * *
Terence misses you.
Fire: a) +0 shortbow
Press: ? - help, Q - select action Shift-Dir - straight line, f/p - Terence
Aim: Terence, wielding a +0 mace and wearing a +0 scale mail (heavily wounded, 65% to hit)
You shoot an arrow.
The arrow hits Terence but does no damage.
Terence is heavily wounded.
Terence barely misses you.
Fire: a) +0 shortbow
Press: ? - help, Q - select action Shift-Dir - straight line, f/p - Terence
Aim: Terence, wielding a +0 mace and wearing a +0 scale mail (heavily wounded, 65% to hit)
You shoot an arrow. The arrow hits Terence.
Terence is heavily wounded.
Terence closely misses you. You furiously retaliate!
You headbutt Terence.
Fire: a) +0 shortbow
Press: ? - help, Q - select action Shift-Dir - straight line, f/p - Terence
Aim: Terence, wielding a +0 mace and wearing a +0 scale mail (heavily wounded, 65% to hit)
You shoot an arrow. The arrow barely misses Terence.
The arrow hits the goblin.
The goblin is moderately wounded.
Terence barely misses you.
Fire: a) +0 shortbow
Press: ? - help, Q - select action Shift-Dir - straight line, f/p - Terence
Aim: Terence, wielding a +0 mace and wearing a +0 scale mail (heavily wounded, 65% to hit)
You shoot an arrow.
The arrow hits Terence but does no damage.
Terence is heavily wounded.
Terence hits you with a +0 mace.
You die...

# # ..###.
......#
.......###
......)>g#
......†#@#
.....).#@#
.......#.#
.......#..
......###.#
...!.. .#
...... .#
.# .#


You could see Terence and a goblin.

Vanquished Creatures
  An adder (D:2)
  A worm (D:3)
  2 dart slugs
  A bat (D:1)
  6 endoplasms
  A giant cockroach (D:1)
  9 goblins
  4 hobgoblins
  2 jackals (D:1)
  A quokka (D:1)
  4 ball pythons
  5 frilled lizards
  2 kobolds (D:1)
  9 rats
48 creatures vanquished.

Notes
Turn   | Place    | Note
-------+----------+-------------------------------------------
     0 | D:1      | safid the Minotaur Hunter began the quest for the Orb.
     0 | D:1      | Reached XP level 1. HP: 18/18 MP: 0/0
   127 | D:1      | Reached XP level 2. HP: 26/26 MP: 1/1
   244 | D:1      | Reached skill level 5 in Ranged Weapons
   312 | D:1      | Reached XP level 3. HP: 31/31 MP: 2/2
  1412 | D:2      | You fall into a shaft and drop 2 floors!
  1430 | D:3      | Noticed Terence
  1450 | D:3      | Slain by Terence

Illustrated notes

Levels and vault maps discovered:
D:1:      dpeg_arrival_ternary, layout_basic, moated_statue
D:2:      layout_loops_corners, ebering_ecumenical_altar_abandoned,
          serial_shops, nicolae_shop_bloodbath_and_beyond, st_stairs_6
D:3:      layout_rooms, uniq_robin, uniq_terence
D:4:      layout_loops_ring, kennysheep_mini,
          nicolae_uskayaw_murder_on_the_dancefloor, serial_co_window_serial,
          co_window_paths_b, co_window_corner_a, co_window_corner_a,
          co_window_paths_b, co_window_corner_a, co_window_broadway_c,
          co_window_broadway_b, co_window_broadway_a,
          co_window_of_opportunity_b, co_window_of_opportunity_c,
          glass_columns_b, glass_columns_b, glass_columns_b,
          grunt_decor_fettered

Skill      XL: |  1  2 |
---------------+-------+-----
Fighting       | 3 |  3.0
Ranged Weapons | 5 |  5.9
Dodging        | |  2.1
Stealth        | |  0.7

Action                   || total
-------------------------++-------
 Fire: Shortbow          ||   124
Armor: Ring mail         ||    15
Dodge: Dodged            ||    25
